cohdb
Replays
Latest Replays
All Replays
Popular Replays
Top Player Replays
Match Explorer
How It Works
Community
CoH3 Stats
Reddit
Sign in to upload your games and track your stats! →
Sign in with Steam
Match 45892343
Unlisted
Match 45892343
Overview
Messages
Build Orders
End
Royal Engineer Section
Construct Section Command Post
Infantry Section
Dingo Light Scout Car
Vickers Machine Gun Team
Infantry Section
Construct Field Infirmary
Selects Australian Defense Battlegroup
Selects Australian Light Infantry Section
Selects 2-pounder Anti-tank Gun Team
Construct Platoon Command Post
Humber Armored Car
2-pounder Anti-tank Gun Team
Grenade Package
Selects Vehicle Over Repair
Construct Company Command Post
2-pounder Anti-tank Gun Team
Crusader II Medium Tank
Vickers Machine Gun Team
Crusader II Medium Tank
Selects CMP 15cwt Supply Run
Selects Reinforced Resource Caches
Nostalgi@
Kasim-GJW
0
0
Comments
sign in to comment!
No comments posted yet!